 Dungeon Crawl Stone Soup version 0.20-a0-870-g4070442 (webtiles) character file.

267 FrozenPanda the Ruffian (level 6, 53/53 HPs)
             Began as a Draconian Chaos Knight on Mar 13, 2017.
             Got out of the dungeon alive.
             The game lasted 00:07:30 (3985 turns).

FrozenPanda the Ruffian (Draconian Chaos Knight)    Turns: 3985, Time: 00:07:31

Health: 53/53      AC:  6    Str: 12 (15) XL:     6   Next: 0%
Magic:  6/6        EV: 13    Int: 13      God:    Xom [....*.]
Gold:   178        SH:  0    Dex: 11      Spells: 5/5 levels left

rFire    . . .     SeeInvis .     - Unarmed
rCold    . . .     Gourm    .   (armour unavailable)
rNeg     . . .     Faith    .   (no shield)
rPois    .         Spirit   .   (helmet restricted)
rElec    .         Reflect  .   (no cloak)
rCorr    .         Harm     .   (no gloves)
MR       .....                  (no boots)
Stlth    +.........             (no amulet)
Regen    0.2/turn               (no ring)
MPRegen  0.1/turn               (no ring)

@: no status effects
A: unfitting armour, cold-blooded, AC +6
a: Renounce Religion


You escaped.
You worshipped Xom.
You were a beloved toy of Xom.
You were not hungry.

You visited 1 branch of the dungeon, and saw 3 of its levels.

You collected 178 gold pieces.

Inventory:

Jewellery
 j - an uncursed amulet of magic regeneration {unknown}
Scrolls
 e - 2 scrolls of identify {unknown}
 i - a scroll of remove curse {unknown}
 l - a scroll of immolation {unknown}
Potions
 b - a potion of degeneration {unknown}
 d - 2 potions of resistance {unknown}
 f - 2 potions of flight {unknown}
 g - 2 potions of invisibility {unknown}
 k - 2 potions of ambrosia {unknown}
Comestibles
 a - 2 bread rations
 c - a chunk of flesh
 h - 6 meat rations


   Skills:
 + Level 4.5 Fighting
 + Level 3.4 Dodging
 * Level 5.2 Unarmed Combat


You had 5 spell levels left.
You didn't know any spells.

Dungeon Overview and Level Annotations

Branches:
Dungeon (3/15)

Altars:
Ashenzari
Fedhas
Kikubaaqudgha
Ru
Xom
The Shining One


Innate Abilities, Weirdness & Mutations

Your plain brown scales are hard. (AC +6)
You cannot fit into any form of body armour.
You are cold-blooded and may be slowed by cold attacks.


Message History

There is a stone staircase leading down here.
A dart slug comes into view.
You can't go up here!
The dart slug bites you.
You hit the dart slug. You tail-slap the dart slug.
The dart slug is heavily wounded.
You hit the dart slug.
You kill the dart slug!
You have reached level 6!
Your experience leads to an increase in your attributes!
Your base attributes are Str 15, Int 12, Dex 11.
Increase (S)trength, (I)ntelligence, or (D)exterity?
You feel clever.
Your scales feel tougher.
Things that are here:
a mace; a dart slug corpse
There is an escape hatch in the floor here.
HP restored.
There is a staircase leading out of the dungeon here.
Are you sure you want to leave the Dungeon?
This will make you lose the game!
You have escaped!

########### ##
#....@....# ####.
#.........# #...>
#.#.....#.# #.###
#.........# #.# #
#.........# #.###
#.#.....#.########.##.
#.........#...........
#........(###.#######.
#.#.....#.# #.# ##


There were no monsters in sight!

Vanquished Creatures
  2 orc wizards (D:2)
  Jessica (D:2)
  4 gnolls (D:2)
  8 adders
  An ooze (D:1)
  A worm (D:2)
  2 dart slugs
  A leopard gecko (D:1)
  2 orcs (D:3)
  9 bats
  A giant cockroach (D:2)
  13 goblins
  3 hobgoblins (D:1)
  2 jackals (D:2)
  7 kobolds
  A quokka (D:2)
  2 ball pythons (D:3)
  10 frilled lizards
  7 rats
77 creatures vanquished.

Notes
Turn   | Place    | Note
-------+----------+-------------------------------------------
     0 | D:1      | FrozenPanda the Draconian Chaos Knight began the quest for the Orb.
     0 | D:1      | Reached XP level 1. HP: 19/19 MP: 1/1
    38 | D:1      | XOM: divination: magic mapping
   147 | D:1      | Reached XP level 2. HP: 24/26 MP: 2/2
   151 | D:1      | XOM: divination: detect items
   524 | D:1      | XOM: harmless Hex miscast
   724 | D:1      | XOM: scenery: 3 doors open, 2 doors close
   736 | D:1      | Reached XP level 3. HP: 22/31 MP: 3/3
   979 | D:1      | XOM: divination: detect items
  1231 | D:2      | XOM: scenery: create altars
  1429 | D:2      | Found a glowing golden altar of the Shining One.
  1429 | D:2      | Found a sacrificial altar of Ru.
  1429 | D:2      | Found a blossoming altar of Fedhas.
  1429 | D:2      | Found a shimmering altar of Xom.
  1437 | D:2      | Found an ancient bone altar of Kikubaaqudgha.
  1440 | D:2      | Found a shattered altar of Ashenzari.
  1525 | D:2      | XOM: butterfly on damage
  1588 | D:1      | XOM is BORED!
  1588 | D:1      | XOM: medium Air miscast
  1621 | D:1      | Reached skill level 4 in Unarmed Combat
  2225 | D:1      | Reached XP level 4. HP: 34/40 MP: 4/4
  2424 | D:2      | Noticed Jessica
  2428 | D:2      | Killed Jessica
  2447 | D:2      | XOM: noise
  2459 | D:2      | XOM: potion effect (curing)
  2482 | D:2      | XOM: confusion (+ monsters)
  2500 | D:2      | XOM: harmless Erth miscast
  2583 | D:1      | XOM: mild Tloc miscast
  2682 | D:2      | XOM: cloud trail
  2908 | D:2      | XOM: god gift: 5 meat rations
  2910 | D:2      | Reached XP level 5. HP: 29/46 MP: 5/5
  3303 | D:3      | XOM: medium Chrm miscast
  3677 | D:2      | Reached skill level 5 in Unarmed Combat
  3704 | D:2      | XOM is BORED!
  3704 | D:2      | XOM: stat loss: -3 Str (12/15)
  3966 | D:1      | Reached XP level 6. HP: 52/53 MP: 6/6
  3985 | D:$      | Got out of the dungeon alive.

Vault maps used:
D:1:      lemuel_arrival_broad_hall, minmay_door_square, minmay_rat_gold_closets
D:2:      minmay_overflow_temple_hex, roderic_st_hans_cross, uniq_jessica
D:3:      first_bread, saegor_snake_ambush, uniq_robin

Skill      XL: |  1  2  3  4  5 |
---------------+----------------+-----
Unarmed Combat | 4 5 |  5.2
Fighting       | 4 |  4.5
Dodging        | 3 |  3.4

Action                   |  1- 3 |  4- 6 || total
-------------------------+-------+-------++-------
Melee: Unarmed           |   183 |   173 ||   356
       Tailslap          |     8 |    15 ||    23
       Punch             |     1 |     4 ||     5
 Stab: Sleeping          |     2 |     1 ||     3
  Eat: Chunk             |     2 |     4 ||     6
       Bread ration      |     1 |       ||     1
Armor: Skin              |    90 |    31 ||   121
Dodge: Dodged            |   161 |    91 ||   252
